Map: Zen LE

Players

ViBE - Winner!

  • Race: Zerg Zerg
  • League: Diamond
  • Spawn Location: 1:00

Handsome

  • Race: Zerg Zerg
  • League: Diamond
  • Spawn Location: 7:00

VOD

Have the link to the VOD?

Description

Time

  • Played on: Dec. 16, 2019, 1:32 a.m.
  • Length: 5:56
Show
View Real Time Build Order
Export as new Build Order

ViBE Zerg - Winner!

Build Orders: Hatch First 

Get SALT Encoding   

  12  0:01  Drone  
  13  0:14  Overlord  
  13  0:18  Drone  
  14  0:32  Drone x2  
  16  0:51  Hatchery  
  16  0:54  Drone  
  16  0:58  Drone  
  16  1:01  Drone  
  18  1:12  Extractor  
  18  1:17  Spawning Pool  
  16  1:20  Drone  
  16  1:22  Drone  
  18  1:31  Drone  
  19  1:42  Overlord  
  19  1:56  Drone  
  20  2:02  Drone  
  20  2:04  Queen x2  
  25  2:10  Drone  
  26  2:16  Metabolic Boost, Drone x2  
  28  2:24  Zergling x2  
  28  2:28  Drone  
  30  2:35  Overlord  
  30  2:37  Drone  
  31  2:45  Drone  
  32  2:52  Drone  
  32  2:57  Drone x2  
  35  3:01  Hatchery  
  35  3:02  Roach Warren  
  33  3:07  Drone  
  33  3:17  Overlord  
  33  3:20  Overlord  
  33  3:22  Overlord  
  33  3:25  Overlord  
  33  3:29  Queen  
  35  3:43  Roach x4  
  35  3:44  Roach  
  35  3:48  Roach  
  47  3:50  Roach  
  49  3:56  Roach x2  
  49  4:00  Zergling x4  
  49  4:01  Zergling x2  
  56  4:08  Zergling x2  
  56  4:09  Zergling x2  
  58  4:17  Zergling x2  
  58  4:18  Zergling x12  
  65  4:28  Zergling x2  
  66  4:36  Zergling x4  
  67  4:40  Zergling x2  
  67  4:42  Zergling x6  
  69  4:51  Zergling x10  
  69  4:52  Zergling x4  
  67  5:00  Zergling x8  
  67  5:05  Zergling x4  
  73  5:09  Zergling x2  
  73  5:15  Zergling x4  
  73  5:19  Zergling x2  
  73  5:20  Zergling x2  
  73  5:21  Zergling x8  
  78  5:24  Zergling x10  
  78  5:29  Zergling x2  
  78  5:34  Zergling x2  
  78  5:35  Zergling x2  
  78  5:38  Zergling x2  
Show
View Real Time Build Order
Export as new Build Order

Handsome Zerg 

Build Orders: Hatch First 

Get SALT Encoding   

  12  0:01  Drone  
  13  0:12  Overlord  
  13  0:17  Drone  
  14  0:30  Drone x2  
  16  0:38  Drone  
  17  0:52  Hatchery  
  17  0:55  Drone  
  17  1:09  Spawning Pool  
  17  1:11  Drone  
  17  1:15  Drone  
  17  1:18  Drone  
  19  1:28  Extractor  
  19  1:30  Drone  
  19  1:39  Overlord  
  19  1:51  Drone  
  20  1:59  Queen  
  22  2:03  Overlord  
  22  2:04  Drone  
  22  2:05  Queen  
  25  2:17  Drone x2  
  27  2:23  Roach Warren  
  26  2:30  Zergling x4  
  26  2:33  Drone  
  29  2:37  Drone  
  29  2:43  Overlord  
  30  2:54  Drone x2  
  30  2:57  Drone  
  33  3:04  Roach  
  35  3:11  Roach  
  37  3:14  Roach  
  37  3:15  Hatchery  
  38  3:22  Roach x2  
  42  3:30  Overlord  
  42  3:32  Roach x2  
  46  3:36  Roach  
  48  3:43  Roach x2  
  48  3:47  Overlord  
  52  3:58  Roach x2  
  52  3:59  Roach  
  58  4:07  Zergling x2  
  53  4:19  Roach x3  
  57  4:27  Queen  
  57  4:28  Overlord  
  59  4:35  Roach  
  61  4:43  Overlord  
  61  4:47  Roach x2  
  64  4:57  Roach  
  62  5:00  Zergling x16  
  70  5:15  Extractor  
  47  5:34  Roach x4  
Tags
 
Add a new tag
Caveats
  • Supply blocks, unpowered buildings, or Contaminate may cause inaccurate times.
  • Supply counts are checked every 10 seconds.